 Dungeon Crawl Stone Soup version 0.30-a0-377-g5cb311bc9f (webtiles) character file.

Game seed: 13522258643968526122

36 LnG the Caller (level 3, -1/20 HPs)
             Began as a Kobold Summoner on Nov 29, 2022.
             Slain by an orc
             ... wielding a +0 flail
              (5 damage)
             ... on level 2 of the Dungeon.
             The game lasted 00:04:22 (1422 turns).

LnG the Caller (Kobold Summoner)                    Turns: 1422, Time: 00:04:22

Health: -1/20      AC:  3    Str:  5    XL:     3   Next: 57%
Magic:  2/6        EV: 15    Int: 18    God:
Gold:   108        SH:  0    Dex: 15    Spells: 3/6 levels left

rFire   . . .      SeeInvis .    d - +0 dagger
rCold   . . .      Faith    .    (no shield)
rNeg    . . .      Spirit   .    a - +0 robe
rPois   .          Reflect  .    (no helmet)
rElec   .          Harm     .    (no cloak)
rCorr   .          Rampage  .    (no gloves)
Will    .....                    g - +0 pair of boots
Stlth   +++.......               (no amulet)
HPRegen 0.23/turn                (no ring)
MPRegen 0.10/turn                (no ring)

@: lethally poisoned (-1 -> -3)
A: small, no large weapons, nightstalker 3
a: no special abilities


You were on level 2 of the Dungeon.
You visited 1 branch of the dungeon, and saw 2 of its levels.

You collected 108 gold pieces.

Inventory:

Hand Weapons
 d - a +0 dagger (weapon)
Armour
 a - a +0 robe (worn)
 g - a +0 pair of boots (worn)
Scrolls
 e - a scroll of enchant armour {unknown}
 h - a scroll of identify {unknown}
 l - a scroll of enchant weapon {unknown}
 m - a scroll of magic mapping {unknown}
 n - a scroll of blinking {unknown}
Potions
 b - a potion of magic
 c - 2 potions of heal wounds {unknown}
 f - 3 potions of flight {unknown}
 i - a potion of berserk rage {unknown}
 j - a potion of lignification {unknown}
 k - a potion of ambrosia {unknown}
 o - a potion of might {unknown}


   Skills:
 + Level 0.3 Fighting
 + Level 0.2 Short Blades
 * Level 3.0 Dodging
 * Level 3.6 Stealth
 + Level 2.2 Spellcasting
 + Level 4.4 Summonings


You had 3 spell levels left.
You knew the following spells:

 Your Spells              Type           Power      Damage    Failure   Level
a - Summon Small Mammal   Summ           68%        N/A       3%          1
b - Call Imp              Summ           17%        N/A       4%          2

Your spell library contained the following spells:

 Spells                   Type           Power      Damage    Failure   Level
 Call Canine Familiar     Summ           17%        N/A       9%          3
 Summon Guardian Golem    Hex/Summ       9%         N/A       22%         3
 Confusing Touch          Hex            2%         N/A       47%         3
 Summon Lightning Spire   Summ/Air       9%         N/A       56%         4
 Silence                  Hex/Air        1%         N/A       99%         5


Dungeon Overview and Level Annotations

Branches:
Dungeon (2/15)

Altars:
Vehumet

Shops:
D:1 !


Innate Abilities, Weirdness & Mutations

You are small and have problems with some larger weapons.
You are completely attuned to the shadows.


Message History

Confirm with . or Enter, or press ? or * to list all spells.
You feel sick. The adder closely misses you. The orc misses you.
Your crimson imp barely misses the adder.
Casting: Summon Small Mammal (safe; 3% risk of failure)
Confirm with . or Enter, or press ? or * to list all spells.
You feel sick.
Your bat hits the orc. The adder completely misses you.
The orc hits you but does no damage.
Your crimson imp hits the adder.
Unknown command.
You swap places.
You feel sick.
Your bat hits the orc.
Your bat completely misses the adder.
Your bat misses the adder. The adder closely misses you.
The orc hits your bat with a +0 flail.
Your bat dies!
Your bat's corpse disappears in a puff of smoke!
Your crimson imp hits the orc.
You hit the adder but do no damage.
The adder is lightly wounded.
You feel sick.
Your bat closely misses the adder.
The adder completely misses you.
You closely miss the adder.
The adder is lightly wounded.
You feel sick.
You are no longer poisoned.
Your bat misses the adder. x2; The adder bites you.
You are poisoned.
The adder poisons you! The orc completely misses you.
Your crimson imp misses the adder.
You barely miss the orc.
The orc is almost dead.
You feel sick.
Your bat hits the adder but does no damage.
The adder completely misses you.
Your bat hits the adder.
Your crimson imp barely misses the adder.
Your bat barely misses the adder.
The orc hits you with a +0 flail. The adder bites you.
* * * LOW HITPOINT WARNING * * *
You barely miss the orc.
The orc is almost dead.
You feel sick.
Your bat closely misses the adder.
The adder bites you but does no damage. The orc hits you with a +0 flail.
You die...

........#
#........#
.#........#
.'...o....#
#..5S@b..#
#.)......#
#####)..##
........#
###.....#
#.._..##
#.....#
#......#
#.....#
#......#
#.....#
####...#


You could see an adder (ally target), an orc, a friendly crimson imp (summoned)
and a friendly bat (summoned).

Vanquished Creatures
  An adder (D:2)
  An endoplasm (D:1)
  5 goblins
  4 hobgoblins
  A quokka (D:1)
  A ball python (D:1)
  A frilled lizard (D:1)
  A kobold (D:1)
  A rat (D:1)
16 creatures vanquished.

Vanquished Creatures (collateral kills)
  2 ball pythons (D:1)
  2 endoplasms (D:1)
  A hobgoblin (D:1)
  A quokka (D:1)
  2 goblins (D:1)
8 creatures vanquished.

Grand Total: 24 creatures vanquished

Notes
Turn   | Place    | Note
-------+----------+-------------------------------------------
     0 | D:1      | LnG the Kobold Summoner began the quest for the Orb.
     0 | D:1      | Reached XP level 1. HP: 10/10 MP: 3/3
   208 | D:1      | Reached XP level 2. HP: 7/15 MP: 0/5
   211 | D:1      | Learned a level 2 spell: Call Imp
   556 | D:1      | Found Vaklisej's Distillery.
   580 | D:1      | Reached XP level 3. HP: 13/20 MP: 6/6
  1031 | D:1      | Got the Handbook of Fascination
  1402 | D:2      | Found a radiant altar of Vehumet.
  1407 | D:2      | Identified the ring of Tomorrow {rPois rF- rN+ Will+ SInv}
  1422 | D:2      | Slain by an orc

Illustrated notes

Levels and vault maps discovered:
D:1:      elethiomel_arrival_infinity_welcomes_careful_drivers,
          layout_loops_ring, serial_shops, shop, minivault_14
D:2:      layout_basic, basic_altar

Skill      XL: |  1  2  3 |
---------------+----------+-----
Stealth        | 3 |  3.6
Dodging        | 3 |  3.0
Fighting       | |  0.3
Short Blades   | |  0.2
Spellcasting   | |  2.2
Summonings     | |  4.4

Action                   || total
-------------------------++-------
Melee: Unarmed           ||    16
       Dagger            ||    65
 Cast: Summon Small Mamm ||    18
       Call Imp          ||     2
 Stab: Sleeping          ||     8
Armor: Robe              ||    10
Dodge: Dodged            ||    52

Table legend: (Time is in decaauts)
 A = Elapsed time spent in this place.
 B = Non-inter-level travel time spent in this place.
 C = Inter-level travel time spent in this place.
 D = Time resting spent in this place.
 E = Time spent auto-exploring this place.
 F = Levels seen in this place.
 G = Mean time per level.
                   A        B        C        D        E       F      G
               +--------+--------+--------+--------+--------+-----+--------+
         Total |   1421 |   1363 |     58 |     39 |   1062 |   2 |  710.5 |
       Dungeon |   1421 |   1363 |     58 |     39 |   1062 |   2 |  710.5 |
               +--------+--------+--------+--------+--------+-----+--------+

Top non-repeatable levels by time:
     D:1: 1208 daAuts
     D:2: 212 daAuts
